 Dungeon Crawl Stone Soup version 0.31-a0-818-ge7c7cf74f0 (webtiles) character file.

Game seed: 11119684625898916607

533 Essalna the Conjurer (level 7, -9/46 HPs)
             Began as a Demonspawn Conjurer on Sept 23, 2023.
             Killed from afar by an orc wizard (10 damage)
             ... with a magic dart
             ... on level 5 of the Dungeon.
             The game lasted 00:04:56 (4030 turns).

Essalna the Conjurer (Demonspawn Conjurer)          Turns: 4030, Time: 00:04:57

Health: -9/46      AC:  4    Str:  7    XL:     7   Next: 4%
Magic:  12/14      EV: 12    Int: 21    God:
Gold:   175        SH:  5    Dex: 12    Spells: 13/16 levels left

rFire   . . .        c - +0 short sword
rCold   . . .        (no shield)
rNeg    . . .        a - +0 robe
rPois   .            (no helmet)
rElec   .            (no cloak)
rCorr   .            (no gloves)
SInv    .            (no boots)
Will    .....        p - amulet of reflection
Stlth   ++           (no ring)
HPRegen 0.27/turn    (no ring)
MPRegen 0.14/turn

%: reflection
@: no status effects
A: thin metallic scales 1, ignite blood 2
a: no special abilities


You were on level 5 of the Dungeon.
You visited 1 branch of the dungeon, and saw 5 of its levels.

You collected 175 gold pieces.

Inventory:

Hand Weapons
 c - a +0 short sword (weapon)
Armour
 a - a +0 robe (worn)
Jewellery
 o - a +6 ring of dexterity
 p - an amulet of reflection (around neck)
 t - an amulet of guardian spirit
Scrolls
 d - 3 scrolls of noise {unknown}
 e - 4 scrolls of fear {unknown}
 f - a scroll of summoning {unknown}
 h - a scroll of brand weapon {unknown}
 k - 2 scrolls of revelation {unknown}
 l - 4 scrolls of vulnerability {unknown}
 m - 3 scrolls of teleportation {unknown}
 q - 2 scrolls of identify {unknown}
 r - a scroll of acquirement {unknown}
Potions
 b - a potion of degeneration {unknown}
 g - a potion of attraction {unknown}
 i - 2 potions of curing {unknown}
 j - a potion of haste {unknown}
 n - a potion of heal wounds {unknown}
 s - a potion of berserk rage {unknown}


   Skills:
 - Level 1.7 Dodging
 - Level 1.7 Stealth
 + Level 5.1 Spellcasting
 + Level 6.6 Conjurations


You had 13 spell levels left.
You knew the following spells:

 Your Spells              Type           Power      Damage    Failure   Level
a - Magic Dart            Conj           100%       1d8       1%          1
b - Searing Ray           Conj           66%        2d6       1%          2

Your spell library contained the following spells:

 Spells                   Type           Power      Damage    Failure   Level
 Static Discharge         Conj/Air       38%        2-4/arc   4%          2
 Dazzling Flash           Conj/Hex       38%        N/A       9%          3
 Scorch                   Fire           10%        2d5       16%         2
 Flame Wave               Conj/Fire      19%        2d7       26%         4
 Fulminant Prism          Conj/Hex       9%         3d7       26%         4
 Iskenderun's Mystic Bla  Conj/Tloc      19%        2d6       26%         4
 Airstrike                Air            2%         2d(1-17)  71%         4
 Summon Lightning Spire   Summ/Air       5%         N/A       71%         4
 Summon Cactus Giant      Summ           2%         N/A       100%        6


Dungeon Overview and Level Annotations

Branches:
Dungeon (5/15)
 Temple: D:4-7

Altars:
Hepliaklqana
Uskayaw

Shops:
D:1 [   D:4 (


Innate Abilities, Weirdness & Mutations

You are partially covered in thin metallic scales. (AC +2)
Your demonic aura often causes spilled blood to erupt in flames.


Message History

Something hits you. Something hits you but does no damage.
Something hits you but does no damage. Something hits you but does no damage.
Something hits you. Something hits you. Something hits you.
You hear some strange, mumbled words.
You are confused.
Something hits you but does no damage. Something hits you.
Something hits you but does no damage.
An orc wizard appears from thin air!
Reactivating autopickup.
The orc wizard hits you with a +0 dagger.
The orc wizard hits you with a +0 dagger.
* * * LOW HITPOINT WARNING * * *
You feel less confused. The orc wizard barely misses you.
The orc wizard hits you with a +0 dagger.
* * * LOW HITPOINT WARNING * * *
The orc wizard points at you and mumbles some strange words.
The magic dart hits you.
* * * LOW HITPOINT WARNING * * *
The orc wizard closely misses you.
The orc wizard hits you with a +0 dagger.
* * * LOW HITPOINT WARNING * * *
The orc wizard hits you with a +0 dagger.
* * * LOW HITPOINT WARNING * * *
The orc wizard hits you but does no damage.
The orc wizard misses you. The orc wizard barely misses you.
You block the orc wizard's attack.
The orc wizard hits you but does no damage.
The orc wizard hits you with a +0 dagger.
* * * LOW HITPOINT WARNING * * *
The orc wizard misses you. The orc wizard casts a spell at you.
The magic dart hits you!
You die...

##.......... ...
##..)......# ...
##..)..##...##....
#............#...
###.##...........
###.....##.###
##.......#
#........####
#...[##..@..#
##......o).......
####........)...
###..........
>.....#.#..
##.......# #
#...##### #####


You could see an orc wizard.

Vanquished Creatures
  A sky beast (D:4)
  2 scorpions (D:4)
  A jelly (D:4)
  A sleepcap (D:4)
  2 orc wizards (D:5)
  3 iguanas
  3 gnolls (D:2)
  5 adders
  A white imp (D:5)
  2 worms
  A dart slug (D:4)
  10 orcs (D:5)
  2 bats
  3 endoplasms
  7 goblins
  5 hobgoblins
  3 jackals (D:2)
  2 quokkas
  2 ball pythons
  A frilled lizard (D:3)
  A kobold (D:1)
  4 rats
62 creatures vanquished.

Notes
Turn   | Place    | Note
-------+----------+-------------------------------------------
     0 | D:1      | Essalna the Demonspawn Conjurer began the quest for the
                  | Orb.
     0 | D:1      | Reached XP level 1. HP: 13/13 MP: 3/3
   663 | D:1      | Found Ilyxic's Antique Armour Emporium.
   736 | D:2      | Gained mutation: Your demonic aura sometimes causes spilled
                  | blood to erupt in flames. [demonic ancestry]
   736 | D:2      | Reached XP level 2. HP: 19/19 MP: 1/5
   796 | D:1      | Learned a level 2 spell: Searing Ray
   946 | D:2      | Gained mutation: Your demonic aura often causes spilled
                  | blood to erupt in flames. [demonic ancestry]
   946 | D:2      | Reached XP level 3. HP: 10/24 MP: 4/7
  1598 | D:3      | Reached XP level 4. HP: 30/30 MP: 0/8
  1728 | D:3      | Found a hazy altar of Hepliaklqana.
  2393 | D:4      | Noticed a scorpion
  2397 | D:4      | Killed a scorpion
  2398 | D:4      | Reached skill level 5 in Conjurations
  2484 | D:4      | Noticed a scorpion
  2489 | D:4      | Killed a scorpion
  2490 | D:4      | Reached XP level 5. HP: 35/35 MP: 2/11
  2574 | D:4      | Found Acsoc's Firing Range.
  2666 | D:4      | Found a hide-covered altar of Uskayaw.
  2889 | D:4      | Noticed a sky beast
  2904 | D:4      | Killed a sky beast
  2905 | D:4      | Reached skill level 6 in Conjurations
  2905 | D:4      | Reached XP level 6. HP: 32/41 MP: 3/12
  3309 | D:5      | Entered Level 5 of the Dungeon
  3668 | D:5      | Reached skill level 5 in Spellcasting
  3985 | D:5      | Gained mutation: You are partially covered in thin metallic
                  | scales. (AC +2) [demonic ancestry]
  3985 | D:5      | Reached XP level 7. HP: 43/46 MP: 6/14
  4022 | D:5      | HP: 1/46 [orc wizard/+0 dagger (2)]
  4028 | D:5      | HP: 1/46 [orc wizard/+0 dagger (2)]
  4030 | D:5      | Killed from afar by an orc wizard

Illustrated notes

Levels and vault maps discovered:
D:1:      ebering_trefoil_3fold, layout_loops_ring, serial_shops,
          nicolae_shop_peninsula, kennysheep_pointless_box,
          minmay_misc_feat_room
D:2:      layout_basic
D:3:      layout_basic, nzn_hepliaklqana_mist_gate, nicolae_figureground_pulse
D:4:      layout_basic, mainiacjoe_overflow_catwalk, nicolae_shop_firing_range
D:5:      layout_cave_pools, minmay_pentangle

Skill      XL: |  1  2  3  4  5  6 |
---------------+-------------------+-----
Spellcasting   | 3 4 5 |  5.1
Conjurations   | 5 6 |  6.6
Dodging        | |  1.7
Stealth        | |  1.7

Action                     |  1- 3 |  4- 6 |  7- 9 || total
---------------------------+-------+-------+-------++-------
  Melee: Short sword       |    20 |     9 |     8 ||    37
         Punch             |     1 |       |       ||     1
   Cast: Magic Dart        |    59 |    92 |       ||   151
         Searing Ray       |     3 |     8 |       ||    11
    Use: Potion            |     1 |       |       ||     1
   Stab: Sleeping          |       |     1 |       ||     1
 Armour: Robe              |    32 |    22 |    34 ||    88
  Dodge: Dodged            |    36 |    11 |    14 ||    61
  Block: Other             |       |     7 |     3 ||    10
         Reflection        |       |     1 |       ||     1

Table legend: (Time is in decaauts)
 A = Elapsed time spent in this place.
 B = Non-inter-level travel time spent in this place.
 C = Inter-level travel time spent in this place.
 D = Time resting spent in this place.
 E = Time spent auto-exploring this place.
 F = Levels seen in this place.
 G = Mean time per level.
                   A        B        C        D        E       F      G
               +--------+--------+--------+--------+--------+-----+--------+
         Total |   4029 |   3933 |     96 |    146 |   3326 |   5 |  805.8 |
       Dungeon |   4029 |   3933 |     96 |    146 |   3326 |   5 |  805.8 |
               +--------+--------+--------+--------+--------+-----+--------+

Top non-repeatable levels by time:
     D:4: 1057 daAuts
     D:3: 872 daAuts
     D:1: 764 daAuts
     D:2: 748 daAuts
     D:5: 587 daAuts
